[Event "Aktobe Open 2022"]
[Site "Aktobe"]
[Date "2022.06.15"]
[Round "2.6"]
[White "Rychagov, Andrey"]
[Black "Kozhabekov, Adilkhan"]
[Result "1-0"]
[ECO "D37"]
[WhiteElo "2549"]
[BlackElo "2080"]
[Annotator "TA"]
[PlyCount "52"]
[EventDate "2022.06.14"]
[EventType "swiss"]
[EventCountry "KAZ"]
[SourceTitle "playchess.com"]
[Source "ChessBase"]
[SourceQuality "1"]
[TimeControl "5400+30"]

1. d4 Nf6 2. c4 e6 3. Nf3 d5 4. Nc3 Be7 5. Bf4 O-O 6. e3 c5 7. dxc5 Bxc5 8. Qc2 Nc6 9. Rd1 Qa5 10. a3 Ne4 11. cxd5 {[%emt 0:06:19] D37: Queen's Gambit Declined: 5 Bf4.} Nxc3 12. bxc3 exd5 13. Rxd5 {[%emt 0:00:43] White is better.} Qxa3 14. Ng5 {[%emt 0:01:16][%csl Gg5][%cal Rc2h7] [#]} g6 15. Bc4 $40 {[%emt 0:01:01][%mdl 128] White wants a kill.} Ne7 (15... b6 $142) 16. Rd1 {[%emt 0:08:42] [#] Strongly threatening 0-0. White is more active.} b5 $146 (16... Nc6 $16 {keeps fighting.}) ({Predecessor:} 16... Nf5 17. O-O Bd6 18. Qe4 Bxf4 19. Qxf4 Qe7 20. e4 Nh6 21. Qh4 Kg7 22. Ne6+ Qxe6 23. Bxe6 Bxe6 {1-0 (45) Esen,B (2555)-Javakhadze,Z (2418) Nakhchivan 2012}) 17. Bxb5 $2 (17. Bb3 $18) 17... Bb7 $2 {[%emt 0:04:12][%mdl 8192] Black cannot hold the game after this.} (17... Bg4 $16 {is a better defense.} 18. Be2 Bxe2 19. Kxe2 Qa6+ 20. Qd3 Qc6) 18. O-O $18 {[%emt 0:03:54] [#] Threatens to win with Ra1.} Nd5 19. Bc4 Nxf4 20. Ra1 {[%emt 0:01:20] Chess con chili.} ({Less strong is} 20. exf4 Be7 21. Nxf7 Ba6 $18) 20... Qxa1 (20... Bd5 $142 21. Rxa3 Bxc4) 21. Rxa1 {[%emt 0:00:09] White is clearly winning.} Nxg2 22. Qb3 Rab8 23. Bxf7+ Kg7 24. Ne6+ Kh6 25. Nxc5 Bc6 26. Qe6 Rh8 {[%emt 0:07:48] Weighted Error Value: White=0.16 (very precise) /Black=0.81} 1-0

[Event "Aktobe Open 2022"]
[Site "Aktobe"]
[Date "2022.06.15"]
[Round "2.7"]
[White "Kenzhalin, Nursultan"]
[Black "Vokhidov, Shamsiddin"]
[Result "0-1"]
[ECO "E14"]
[WhiteElo "2209"]
[BlackElo "2536"]
[Annotator "TA"]
[PlyCount "157"]
[EventDate "2022.06.14"]
[EventType "swiss"]
[EventCountry "KAZ"]
[SourceTitle "playchess.com"]
[Source "ChessBase"]
[SourceQuality "1"]
[TimeControl "5400+30"]

1. d4 Nf6 2. c4 e6 3. Nf3 d5 4. e3 b6 5. Nc3 Bd6 6. Bd3 Bb7 7. cxd5 exd5 8. O-O O-O 9. Nb5 Be7 10. b3 a6 11. Nc3 Bd6 12. Bb2 Nbd7 {[%emt 0:00:12] 12...Nbd7 has become a bit dusty these days.} 13. Rc1 {[%emt 0:00:14] E14: Queen's Indian: Classical Variation (4 e3).} Qe7 14. Bf5 g6 {[%emt 0:03:41] [#]} 15. Bxd7 $146 {[%emt 0:00:54] The position is equal.} ({Predecessor:} 15. Bh3 Rfe8 16. Ne2 Ne4 17. Bxd7 Qxd7 18. Ng3 f6 19. Nxe4 Rxe4 20. Rc2 Qe7 21. Nd2 Re6 22. Qf3 Rb8 23. Rfc1 {½-½ (64) Terry,R (2504)-Pichot,A (2630) Chess.com INT 2020}) 15... Nxd7 16. Ne2 Rfe8 17. Nf4 f6 18. b4 c6 19. a3 a5 20. Qb3 axb4 21. axb4 Bxb4 22. e4 Qxe4 {[%emt 0:02:45] [#] Threatens to win with ...Bd6.} 23. Nxd5 Qxd5 24. Qxb4 Re4 {[%emt 0:02:11] aiming for ...c5.} 25. Qc3 Rae8 {[%emt 0:01:49] Black is more active.} 26. Rfe1 g5 27. h3 Nf8 (27... Rxe1+ {seems wilder.} 28. Nxe1 Re2 29. Nc2 c5) 28. Rxe4 Rxe4 29. Re1 {[%emt 0:01:16] Black keeps a firm grip on the game.} (29. Ra1 $15) 29... Rxe1+ $17 30. Qxe1 Kf7 {[%emt 0:01:07] Against Qe7+} 31. Qb4 Nd7 32. Qa4 Kg6 33. Qa3 {[%emt 0:01:57] [#]} c5 $1 34. Qd3+ Qf5 35. Qxf5+ Kxf5 {[%emt 0:00:01][%mdl 4096] Endgame KBN-KBN} 36. Nd2 b5 37. dxc5 Nxc5 38. Bd4 Nd3 39. Nb3 (39. g3 $17 {was worth a try.}) 39... Nf4 $19 {[%emt 0:03:17] Hoping for ...Ne2+.} 40. g4+ Kg6 41. Kh2 b4 42. Nc5 Bc6 43. Ba1 (43. Bb2 $17 {is a better defense.}) 43... Bb5 44. Kg3 f5 45. gxf5+ (45. Nb3 {was necessary.}) 45... Kxf5 46. f3 (46. Nb3 $142 Ba4 47. Nd4+ Kg6 48. Nf3) 46... Bc6 47. Bb2 h5 {[%emt 0:01:23] And now ...h4+ would win.} 48. h4 gxh4+ 49. Kxh4 Bxf3 {[%emt 0:00:08] White must now prevent ...Ng6+.} 50. Bc1 $2 (50. Nb3) 50... Ng6+ 51. Kg3 Bd1 $2 (51... Bd5 52. Kh3 b3) 52. Nd3 b3 53. Bb2 $2 (53. Nc5) 53... h4+ 54. Kh2 Bc2 55. Nc5 Kg4 56. Nd7 Nf4 57. Ne5+ Kh5 58. Nc4 Bf5 59. Nd6 Bg6 60. Nc4 Nd3 61. Bc3 Bf7 62. Nd6 Be6 {[%emt 0:00:30] ( -> ...b2)} 63. Ne8 Kg4 (63... b2 64. Bxb2 Kg4 65. Bf6 $15) 64. Nf6+ Kf5 65. Ne8 Kg5 ({Worse is} 65... b2 66. Bxb2 Kf4 67. Bf6 $15) 66. Nd6 b2 67. Bxb2 Nxb2 68. Ne4+ Kf4 69. Nc3 Ke3 70. Nb5 Nd3 71. Nd6 Ne1 72. Kg1 Nf3+ 73. Kg2 Kf4 74. Nb5 h3+ 75. Kh1 Bc4 76. Nc3 Bf1 77. Ne2+ Kg4 78. Nf4 Kg5 $2 ({And not} 78... Kf5 79. Nxh3 Nd2 80. Nf2 $15) (78... Kg3 {mates} 79. Nh5+ Kf2 80. Nf4 Bg2+ 81. Nxg2 hxg2#) 79. Ne2 $2 {[%emt 0:01:00][%mdl 8192] Weighted Error Value: White=0.53/Black=0.15 (very precise)} 0-1

[Event "Aktobe Open 2022"]
[Site "Aktobe"]
[Date "2022.06.15"]
[Round "2.8"]
[White "Volkov, Sergey"]
[Black "Akhilbay, Imangali"]
[Result "1-0"]
[ECO "E91"]
[WhiteElo "2510"]
[BlackElo "2002"]
[Annotator "TA"]
[PlyCount "101"]
[EventDate "2022.06.14"]
[EventType "swiss"]
[EventCountry "KAZ"]
[SourceTitle "playchess.com"]
[Source "ChessBase"]
[SourceQuality "1"]
[TimeControl "5400+30"]

1. d4 Nf6 2. c4 g6 3. Nc3 Bg7 4. e4 d6 5. Nf3 O-O 6. Be2 Bg4 7. Be3 Nfd7 8. Rc1 e5 9. d5 a5 10. a3 f5 {[%emt 0:02:09] E91: King's Indian: Classical: 6 Be2, unusual replies including 6...c5 and 6...Bg4.} 11. h3 Bxf3 12. Bxf3 Na6 {[%emt 0:01:33] Inhibits b4.} (12... f4 $11 13. Bd2 Nc5) 13. O-O f4 14. Bd2 {[%emt 0:02:17] [#] White is more active.} h5 $146 ({Predecessor:} 14... c6 15. Qc2 Ndc5 16. Rb1 Qb6 17. b3 Bf6 18. Ne2 Nd7 19. Rfd1 cxd5 20. exd5 Kg7 {1-0 (33) Hendricks,R (1948)-Faust,D (1862) FICGS email 2018}) 15. Na4 Qe8 {[%emt 0:09:41] Black is on the road to losing.} (15... c6 $14) 16. Bxa5 $16 Nf6 17. Bd2 g5 18. g4 fxg3 (18... hxg4 $16 19. hxg4 Nb8) 19. fxg3 $18 ({Weaker is} 19. Bxg5 Qg6 20. h4 Bh6 $11) 19... Qg6 20. Bg2 g4 {[%emt 0:07:54] [#] Threatens to win with ...gxh3.} 21. h4 Nd7 (21... Nxe4 $2 22. Qc2 Rf3 23. Rce1 $18) 22. Rxf8+ Rxf8 23. b4 {[%emt 0:01:02] Inhibits Ndc5.} Bh6 24. Qe2 Rf3 25. Rc3 ({Don't do} 25. Bxf3 $6 gxf3 26. Qf2 Bxd2 27. Qxd2 Qxg3+ 28. Kh1 Qxh4+ 29. Qh2 Qxe4) 25... Bxd2 26. Qxd2 Nf6 $2 (26... Rxc3 27. Nxc3 Nb6) 27. Bxf3 {[%emt 0:04:48] White is clearly winning.} gxf3 28. Rxf3 Nxe4 29. Qd3 {[%emt 0:01:16] [#] Nc3 is the strong threat.} Qg4 30. Re3 Nf6 31. Nc3 Nb8 32. Ne4 Nbd7 33. Nf2 Qd4 34. Qxd4 exd4 {[%emt 0:00:06][%mdl 4096] Endgame KRN-KNN} 35. Re6 Kf7 36. Ne4 d3 37. Kf1 Ng4 38. Ng5+ Kf8 39. Nf3 Nb6 40. Nd2 Ne5 41. c5 Nxd5 42. cxd6 cxd6 43. Rxd6 Ne3+ 44. Kf2 N3g4+ 45. Ke1 Ne3 46. Rh6 Nc2+ 47. Kd1 Nxa3 48. Rxh5 Nc6 49. b5 Nd4 50. b6 Nab5 51. Ne4 {[%emt 0:00:35] Weighted Error Value: White=0.12 (very precise) /Black=0.33} 1-0

[Event "Aktobe Open 2022"]
[Site "Aktobe"]
[Date "2022.06.15"]
[Round "2.9"]
[White "Petrovsky, Nikita"]
[Black "Makhnev, Denis"]
[Result "1-0"]
[ECO "B15"]
[WhiteElo "1993"]
[BlackElo "2505"]
[Annotator "TA"]
[PlyCount "93"]
[EventDate "2022.06.14"]
[EventType "swiss"]
[EventCountry "KAZ"]
[SourceTitle "playchess.com"]
[Source "ChessBase"]
[SourceQuality "1"]
[TimeControl "5400+30"]

1. e4 c6 2. d4 d5 3. Nd2 dxe4 4. Nxe4 Nf6 5. Nxf6+ exf6 6. c3 Bd6 7. Bd3 Nd7 {[%emt 0:01:05] B15: Caro-Kann: 3 Nc3: 3...g6 and 3...dxe4 4 Nxe4 Nf6 5 Nxf6+ exf6.} 8. Qc2 h5 9. Ne2 {[%emt 1:32:04] [#]} Kf8 $146 {[%emt 0:01:06] White is slightly better.} ({Predecessor:} 9... h4 10. h3 O-O 11. Bf4 Bxf4 12. Nxf4 Re8+ 13. Ne2 Nf8 14. O-O Qd6 15. Rfe1 Bd7 {1-0 (45) Jacobson,A (2286)-Zhai,M (2365) Chess.com INT 2019}) 10. Be3 Nb6 11. c4 $1 {[%emt 0:03:35] Against Nd5. aiming for c5.} Bb4+ {[%emt 0:01:03] [#]} 12. Nc3 $1 Be6 13. a3 Be7 14. b3 g6 15. O-O f5 16. a4 a5 17. Rad1 Bf6 18. d5 cxd5 19. Nxd5 ({White should play} 19. cxd5 $16 Bd7 20. Bc4) 19... Bxd5 (19... Nxd5 $15 {stays ahead.} 20. cxd5 Qxd5) 20. cxd5 $16 {[%emt 0:01:49] And now Qc5+ would win.} Kg7 21. Bb5 {[%emt 0:09:39] Strongly threatening d6. White is more active. This bishop pair is nice.} Qd6 $1 (21... Nxd5 $2 22. Qc5 $18) 22. Bxb6 Qxb6 23. d6 Rac8 24. Qd2 Rc3 {[%emt 0:13:52] [#]} (24... Bc3 $142 25. Qd3 Bf6) 25. Bc4 $1 h4 (25... Rd8 $16) 26. Qd5 Rf8 27. h3 Rc2 28. Rd2 Rxd2 29. Qxd2 Be5 30. Rd1 $36 {[%emt 0:00:44][%mdl 2048] White is really pushing.} Rd8 31. d7 f6 (31... Qc5 $16 32. Qg5 Bf6) 32. Bb5 $18 Qe6 (32... Bc7 {is a better defense.} 33. b4 axb4) 33. Qxa5 b6 (33... Qxb3 $142 34. Rc1 (34. Qxd8 Qxd1+ 35. Bf1 Bd6 $16) 34... b6) 34. Qb4 g5 35. Qc4 Qe7 (35... Qxc4 36. Bxc4 Kf8) 36. Qd3 Kg6 37. Qf3 Qe6 38. Qd5 Qe7 (38... Qxd5 {was called for.} 39. Rxd5 f4) 39. Bd3 Qb4 $2 (39... Qd6 40. Bxf5+ Kxf5) 40. Qf3 Bf4 41. Qd5 Be5 $1 42. Qf3 Bf4 $1 43. g3 {[%emt 0:00:26] White is clearly winning.} hxg3 44. fxg3 ({Not} 44. Bxf5+ Kg7 45. Qh5 (45. fxg3 Qc5+ 46. Kf1 Qxf5 $16) 45... gxf2+ 46. Kg2 Qe7 $18) 44... Qc5+ 45. Kg2 {[%emt 0:00:12] Hoping for b4.} Bb8 46. Rf1 Kg7 47. Qxf5 {[%emt 0:00:49] Weighted Error Value: White=0.44/Black=0.45} 1-0

[Event "Aktobe Open 2022"]
[Site "Aktobe"]
[Date "2022.06.15"]
[Round "2.10"]
[White "Utegaliyev, Azamat"]
[Black "Malygin, Vladislav"]
[Result "*"]
[ECO "C24"]
[WhiteElo "2463"]
[BlackElo "1939"]
[Annotator "TA"]
[PlyCount "32"]
[EventDate "2022.06.14"]
[EventType "swiss"]
[EventCountry "KAZ"]
[SourceTitle "playchess.com"]
[Source "ChessBase"]
[SourceQuality "1"]
[TimeControl "5400+30"]

1. e4 e5 2. Bc4 Nf6 3. d3 c6 4. Nf3 d5 5. Bb3 a5 {[%emt 0:04:16] [#] And now ...a4 would win.} 6. a3 {[%emt 0:00:06] C24: Bishop's Opening: 2...Nf6.} ({Avoid the trap} 6. Nxe5 $2 a4 7. Bxd5 cxd5 8. exd5 Nxd5 $19) 6... Bd6 7. Nc3 dxe4 {[%emt 0:11:19] is the legacy move (7...d4).} 8. Ng5 {[%emt 0:00:18] The position is equal.} O-O 9. Ncxe4 h6 10. h4 {[%emt 0:12:18] [#]} Nxe4 $146 (10... hxg5 $2 11. hxg5 Ng4 12. g6 $18) (10... Na6 $11 {and Black has nothing to worry.}) ({Predecessor:} 10... Na6 11. Qf3 Nc5 12. Nxf6+ Qxf6 13. Qxf6 gxf6 14. Ne4 Nxb3 15. cxb3 Be7 16. Bxh6 Rd8 {0-1 (38) Rabiega,R (2507)-Malek,D (2424) Germany 2015}) 11. Nxe4 $18 {[%emt 0:00:29] Threatens to win with Qh5.} Bf5 {[%emt 0:00:30] [#]} 12. Nxd6 {[%emt 0:07:19] White is more active.} (12. Qh5 $1 $16 Bxe4 13. dxe4) 12... Qxd6 $14 13. g4 Be6 14. Bxe6 Qxe6 15. g5 e4 16. gxh6 gxh6 {[%emt 0:12:25] Weighted Error Value: White=0.23 (precise) /Black=0.35} (16... exd3+ $142 17. Be3 Qe4) *

[Event "Aktobe Open 2022"]
[Site "Aktobe"]
[Date "2022.06.16"]
[Round "3.1"]
[White "Ponkratov, Pavel"]
[Black "Moisseyenko, Ilya"]
[Result "1-0"]
[ECO "B38"]
[WhiteElo "2624"]
[BlackElo "2291"]
[Annotator "TA"]
[PlyCount "71"]
[EventDate "2022.06.14"]
[EventType "swiss"]
[EventCountry "KAZ"]
[SourceTitle "playchess.com"]
[Source "ChessBase"]
[SourceQuality "1"]
[TimeControl "5400+30"]

1. c4 Nf6 2. Nc3 c5 3. Nf3 g6 4. d4 cxd4 5. Nxd4 Nc6 6. e4 d6 7. Be2 Bg7 8. Be3 O-O 9. O-O Bd7 10. Nc2 Rc8 {[%emt 0:00:42] 10...Qa5 gains popularity.} 11. Rc1 {[%emt 0:01:59] B38: Sicilian: Maroczy Bind with 5...Bg7 and 7...0-0.} a6 12. f3 Ne5 13. Na3 {[%emt 0:00:38] White is slightly better.} Be6 14. b3 Qa5 15. Nab1 Bd7 {[%emt 0:02:01] [#]} 16. a3 $146 ({Predecessor:} 16. Qd2 Rfe8 17. a3 Rb8 18. g4 h5 19. g5 Nh7 20. b4 Qd8 21. Nd5 b5 22. c5 {½-½ (51) Bennedik,M (2423)-Schmitzer,K (2430) ICCF email 2004}) 16... Qc7 (16... g5 $14 {should be considered.}) 17. Kh1 Qb8 18. a4 h5 19. Qe1 Bc6 {[%emt 0:03:46] White now steadily converts the win.} 20. Nd2 Kh7 21. h3 a5 (21... Ned7 $142) 22. f4 $16 Ned7 23. Bd3 b6 24. Qh4 Nc5 25. Bc2 Qb7 (25... Nfd7 $16 26. Nd5 Bf6) 26. Nd5 $18 Bxd5 27. exd5 ({Less strong is} 27. cxd5 Qa6 $14) 27... e6 28. dxe6 ({Weaker is} 28. Bd4 Ne8 $18) 28... fxe6 29. Rce1 Nce4 30. Nf3 {[%emt 0:00:12] [#] Black must now prevent Ng5+.} d5 31. Bd4 Bh6 $2 (31... Rfe8 32. Rd1 Kh8) 32. Bxf6 {[%emt 0:00:27] White is clearly winning.} Nxf6 33. Rxe6 Qg7 34. Ne5 Ne4 35. Bxe4 dxe4 36. Re7 {[%emt 0:00:04] Weighted Error Value: White=0.11 (very precise) /Black=0.36} 1-0

[Event "Aktobe Open 2022"]
[Site "Aktobe"]
[Date "2022.06.16"]
[Round "3.2"]
[White "Kuderinov, Kirill"]
[Black "Vakhidov, Jakhongir"]
[Result "0-1"]
[ECO "A45"]
[WhiteElo "2409"]
[BlackElo "2552"]
[Annotator "TA"]
[PlyCount "74"]
[EventDate "2022.06.14"]
[EventType "swiss"]
[EventCountry "KAZ"]
[SourceTitle "playchess.com"]
[Source "ChessBase"]
[SourceQuality "1"]
[TimeControl "5400+30"]

1. d4 Nf6 2. e3 g6 3. f4 Bg7 4. Nf3 O-O 5. Bd3 c5 6. c3 d6 7. O-O Nc6 8. Bc2 cxd4 9. exd4 e5 {[%emt 0:09:47] A45: Trompowsky Attack.} 10. d5 (10. fxe5 $11 dxe5 11. Nxe5) 10... Ne7 $17 {[%emt 0:08:33] [#]} 11. fxe5 $146 ({Predecessor:} 11. c4 exf4 12. Bxf4 Nh5 13. Bg5 Qb6+ 14. Kh1 Nf5 15. Bb3 Bxb2 16. Nbd2 h6 17. Rb1 hxg5 18. Rxb2 {0-1 (27) Costa Trave,J (1947)-Vinardell Cruanas,S (2167) Figueres 2014}) 11... Nfxd5 (11... dxe5 $17 12. c4 Qc7) 12. c4 Nb4 13. exd6 Nf5 14. Bb3 (14. c5 Qa5 15. Kh1 Qxc5 $17) 14... Qxd6 15. Qxd6 Nxd6 16. Nc3 Be6 17. Nd5 (17. Ng5 $11) 17... Bxd5 18. cxd5 Nd3 {[%emt 0:00:14] Inhibits Bf4.} 19. Rb1 Rfc8 {[%emt 0:00:40][%cal Bf8c8,Bc8c7,Bc7c4][%mdl 32] Black is much more active.} 20. Bg5 Rc7 {[%emt 0:01:59] Against Be7} ({Don't do} 20... Bxb2 21. Rfd1 $16) ({Of course not} 20... Nxb2 $6 21. Be7 Nf5 22. d6 Nxe7 23. dxe7 $11) 21. Rfd1 Nxb2 {[%emt 0:02:03] Pair of Knights!} 22. Rd2 Nbc4 23. Bxc4 Rxc4 24. Be7 Bf8 ({Worse is} 24... Ne4 25. Rd3 $17) 25. Bxd6 Bxd6 26. Rxb7 Bc5+ 27. Kf1 Rc1+ 28. Ne1 Re8 {[%emt 0:00:36][%csl Ge8][%cal Rc1e1] [#]} 29. Re2 Rd8 $36 {[%emt 0:00:06][%mdl 2048] Keeping White busy.} 30. g3 Rxd5 31. Kg2 Bb6 ({Black should play} 31... g5 $19 32. g4 h6) 32. Nf3 Rc7 33. Rb8+ Kg7 34. g4 (34. Rbe8 $17 {was necessary.}) 34... h6 35. h4 (35. Rbe8 $142) 35... Rcd7 36. g5 (36. Ree8 $142) 36... hxg5 $19 37. hxg5 Bd8 {[%emt 0:00:58] Weighted Error Value: White=0.25 (precise) /Black=0.14 (very precise)} 0-1

[Event "Aktobe Open 2022"]
[Site "Aktobe"]
[Date "2022.06.16"]
[Round "3.3"]
[White "Ansat, Aldiyar"]
[Black "Rychagov, Andrey"]
[Result "1/2-1/2"]
[ECO "C19"]
[WhiteElo "2314"]
[BlackElo "2549"]
[Annotator "TA"]
[PlyCount "65"]
[EventDate "2022.06.14"]
[EventType "swiss"]
[EventCountry "KAZ"]
[SourceTitle "playchess.com"]
[Source "ChessBase"]
[SourceQuality "1"]
[TimeControl "5400+30"]

1. e4 e6 2. d4 d5 3. Nc3 Bb4 4. e5 c5 5. a3 Bxc3+ 6. bxc3 Ne7 7. h4 Qc7 8. h5 h6 9. Nf3 {[%emt 0:03:25] 9.Rb1 is more advanced technology.} b6 10. a4 Ba6 {[%emt 0:01:19] C19: French: 3 Nc3 Bb4: Main line: 7 Nf3 and 7 a4.} 11. Bb5+ Bxb5 12. axb5 a6 13. O-O Ra7 {[%emt 0:18:02] [#]} 14. Qe2 $146 ({Predecessor:} 14. bxa6 Rxa6 15. Rxa6 Nxa6 16. Nh4 O-O 17. Qg4 Kh7 18. f4 {1-0 (36) Hansen,E (2614)-Cuenca Jimenez,J (2513) Linares 2017}) 14... axb5 15. Qxb5+ Nd7 16. Rxa7 Qxa7 17. c4 O-O 18. cxd5 Nxd5 19. c4 Nc3 20. Qb2 cxd4 21. Nxd4 Ne4 22. Qe2 Ndc5 23. Nb5 Qa4 24. Be3 Rd8 25. Bd4 Qb4 26. Nd6 Qd2 (26... Nxd6 {keeps more tension.} 27. exd6 Nd3 28. Bxg7 Kxg7 29. Qxd3 Qxd6 30. Qf3 Qd4) 27. Qxd2 Nxd2 {[%emt 0:00:04] Pair of Knights!} 28. Rd1 Nde4 {[%emt 0:02:32] The position is equal.} 29. Rb1 Nxd6 30. exd6 Rxd6 31. Bxc5 bxc5 32. Rb8+ Kh7 33. Rc8 {[%emt 0:00:03] A balanced but interesting game.  Weighted Error Value: White=0.04 (flawless) /Black=0.07 (flawless)} 1/2-1/2

[Event "Aktobe Open 2022"]
[Site "Aktobe"]
[Date "2022.06.16"]
[Round "3.4"]
[White "Vokhidov, Shamsiddin"]
[Black "Sadubayev, Airat"]
[Result "0-1"]
[ECO "C92"]
[WhiteElo "2536"]
[BlackElo "2317"]
[Annotator "TA"]
[PlyCount "114"]
[EventDate "2022.06.14"]
[EventType "swiss"]
[EventCountry "KAZ"]
[SourceTitle "playchess.com"]
[Source "ChessBase"]
[SourceQuality "1"]
[TimeControl "5400+30"]

1. e4 e5 2. Nf3 Nc6 3. Bb5 a6 4. Ba4 Nf6 5. O-O b5 6. Bb3 Be7 7. Re1 d6 8. c3 O-O 9. h3 Bb7 10. d4 Re8 11. Nbd2 Bf8 12. Ng5 Re7 13. d5 {[%emt 0:00:55] C92: Closed Ruy Lopez: 9...Be6, Karpov and Flohr-Zaitsev Variations.} Na5 14. Bc2 c6 15. b4 {[%emt 0:01:08] The position is equal.} Nc4 16. Nxc4 bxc4 17. dxc6 Bxc6 18. Nf3 h6 {[%emt 0:03:41] Inhibits Bg5.} 19. Qe2 Rc8 20. Bb2 {[%emt 0:03:14] [#]} g6 $146 ({Predecessor:} 20... Bb7 21. Rad1 Qc7 22. Nh2 d5 23. exd5 Nxd5 24. Qe4 Nf6 25. Qh4 Nd5 26. Qe4 Nf6 27. Qh4 {½-½ (27) Pierzak,R (2510)-Janous,P (2349) ICCF email 2009}) 21. Rad1 Bg7 22. Nd2 Rec7 $1 23. a4 (23. Nxc4 $2 Bb5 24. Rxd6 Qe7 $19) 23... Ba8 24. b5 (24. Bc1 $11) 24... axb5 $1 $17 25. axb5 {[%emt 0:00:02] [#]} d5 $1 26. b6 Rc6 27. exd5 Nxd5 28. Be4 Nf4 29. Qe3 {[%emt 0:02:46][%cal Od2c4] Strongly threatening Nxc4!} Qxb6 30. Nxc4 Qb5 $36 {[%emt 0:04:13][%mdl 2048] Black has strong initiative.} 31. Nd6 {[%emt 0:01:39] [#] This move loses the game for White.} ({Not} 31. Bxc6 $2 Qxc6 32. f3 Qxc4 $19) (31. Nxe5 $17 Re6 32. Qxf4 Bxe5 33. Qd2) 31... Rxd6 $1 $19 ({Less strong is} 31... Qxb2 32. Bxc6 Bxc6 33. Nxc8 $16) 32. Rxd6 {[%emt 0:00:02] Threatens to win with Rb6.} Bxe4 ({Avoid the trap} 32... Qxb2 $2 33. Bxa8 Rxa8 34. Rd2 $19) 33. Qxe4 Qxb2 34. Rc6 Rd8 35. Qc4 Qb7 36. Qa6 Qe7 {[%emt 0:01:01] ...Qg5 is the strong threat.} 37. Rc8 Kh7 {[%emt 0:00:30] aiming for ...Qg5.} 38. Rxd8 Qxd8 39. Qb7 Qg5 40. Re3 Qf5 41. c4 Qc2 42. Qe4 (42. Qxf7 {was the only chance.} Qd1+ 43. Kh2) 42... Qd2 {[%emt 0:01:02] And now ...f5 would win.} 43. Re1 f5 44. Qe3 Qc2 45. Rf1 Qxc4 {[%emt 0:00:32] Hoping for ...Ne2+.} 46. Ra1 (46. Rd1 $142 h5 47. Kh2) 46... Qd5 47. f3 Qb7 48. Ra7 $2 (48. Rd1) 48... Qb1+ 49. Kh2 Qb2 50. Qg1 e4 51. fxe4 Qe5 {[%emt 0:03:41] ( -> ...Ne2+)} 52. Qe3 Nd5+ 53. Qg3 {[%emt 0:00:01] White wants to mate with Qxe5.} Qxe4 54. Qd6 Ne3 55. Rxg7+ Kxg7 56. Qd7+ Kf8 57. Qd6+ Kf7 {[%emt 0:00:08] Weighted Error Value: White=0.64/Black=0.17 (very precise)} 0-1

[Event "Aktobe Open 2022"]
[Site "Aktobe"]
[Date "2022.06.16"]
[Round "3.5"]
[White "Serikbay, Assel"]
[Black "Volkov, Sergey"]
[Result "1/2-1/2"]
[ECO "D15"]
[WhiteElo "2238"]
[BlackElo "2510"]
[Annotator "TA"]
[PlyCount "66"]
[EventDate "2022.06.14"]
[EventType "swiss"]
[EventCountry "KAZ"]
[SourceTitle "playchess.com"]
[Source "ChessBase"]
[SourceQuality "1"]
[TimeControl "5400+30"]

1. d4 d5 2. Nf3 Nf6 3. c4 c6 4. Nc3 a6 5. a4 e6 6. g3 dxc4 7. Bg2 c5 8. dxc5 Qxd1+ 9. Nxd1 Bd7 {[%emt 0:00:14] D15: Slav Defence: 4 Nc3 a6 and gambit lines after 4 Nc3 dxc4.} 10. Ne5 Nc6 11. Nxc4 Bxc5 {[%emt 0:00:15] White is slightly better.} 12. O-O Nd4 13. Nc3 (13. Bxb7 Nxe2+ 14. Kg2 Ra7 $11) 13... Bc6 {[%emt 0:00:53] [#]} 14. Bf4 $146 ({Predecessor:} 14. Be3 Bxg2 15. Kxg2 Ke7 16. Rad1 Rhd8 17. Na5 Rd7 18. Rd3 Rad8 19. Rfd1 Ke8 20. Kf1 {½-½ (53) Salzmann,S (2358)-Jacobs,R (2371) ICCF email 2019}) 14... Nd5 15. Be5 $1 Nb3 16. Rad1 ({Much worse is} 16. Bxg7 Rg8 17. Be5 Nxa1 18. Rxa1 Ke7 $17) 16... f6 17. Bd6 ({Worse is} 17. Bxd5 exd5 18. Nxd5 (18. Nd6+ $2 Kd7 $19) 18... Bxd5 19. Rxd5 fxe5 20. Nxe5 Ba7 $17) 17... Nb6 18. Nxb6 Bxb6 19. Bxc6+ bxc6 20. Ba3 Rd8 21. Ne4 {[%emt 0:04:12][%cal Bc3e4,Be4d6,Bd6b7][%mdl 32] [#] Threatens to win with Nd6+.} Kf7 (21... Rd5 $1 $11 {remains equal.}) 22. Nd6+ $16 Kg6 23. Rd3 Nd4 ({Black should try} 23... Nc5 $14) 24. Rfd1 {[%emt 0:02:07][%cal Bf1d1,Bd1d3,Bd3d7,Bd7c7,Bc7c6,Bc6a6][%mdl 32] Black must now prevent a5.} e5 25. e3 Ne6 26. Nb7 {[%emt 0:05:39] White is more active.} Rxd3 27. Rxd3 Rc8 28. a5 (28. Rd6 $16 Nd8 29. Nxd8 Bxd8 30. Rd7) 28... Bc7 $11 {[%emt 0:01:37] The position is equal.} 29. Rd7 {[%emt 0:03:52] With the idea Re7.} Rb8 30. Nc5 Nxc5 31. Rxc7 Nb3 32. Rxc6 Nxa5 33. Rxa6 Nc4 {[%emt 0:00:04] Weighted Error Value: White=0.10 (very precise) /Black=0.12 (very precise)} 1/2-1/2